 Dungeon Crawl Stone Soup version 0.32-a0-350-g4f4d228785 (webtiles) character file.

Game seed: 13878546587132134147

1569 anacleto the Apothecary (level 8, -9/41 HPs)
             Began as a Deep Elf Alchemist on Feb 17, 2024.
             Was an Initiate of Dithmenos.
             Shot with an arrow by an orc warrior (16 damage)
             ... on level 6 of the Dungeon.
             The game lasted 00:19:58 (6161 turns).

anacleto the Apothecary (Deep Elf Alchemist)        Turns: 6161, Time: 00:19:59

Health: -9/41      AC:  4    Str:  5    XL:     8   Next: 59%
Magic:  10/18      EV: 14    Int: 29    God:    Dithmenos [......]
Gold:   216        SH:  0    Dex: 15    Spells: 2/18 levels left

rFire   + . .        w - staff of fire
rCold   . . .        (no shield)
rNeg    + . .        q - +0 robe {rN+}
rPois   .            (no helmet)
rElec   .            g - +0 cloak
rCorr   .            (no gloves)
SInv    .            r - +0 pair of boots
Will    .....        (no amulet)
Stlth   +++          c - +6 ring of intelligence
HPRegen 0.26/turn    (no ring)
MPRegen 0.16/turn

%: no passive effects
@: no status effects
A: no striking features
a: Renounce Religion


You were on level 6 of the Dungeon.
You worshipped Dithmenos.
Dithmenos was noncommittal.
You visited 2 branches of the dungeon, and saw 7 of its levels.

You collected 216 gold pieces.

Inventory:

Missiles
 d - 32 stones
Armour
 g - a +0 cloak (worn)
 q - a +0 robe of positive energy (worn)
 r - a +0 pair of boots (worn)
Magical Staves
 w - a staff of fire (weapon)
Jewellery
 c - a +6 ring of intelligence (left hand)
Wands
 s - a wand of roots (15)
Scrolls
 a - a scroll of revelation {unknown}
 e - 2 scrolls of fear {unknown}
 f - 9 scrolls of identify {unknown}
 j - a scroll of amnesia {unknown}
 l - 2 scrolls of blinking {unknown}
 n - 4 scrolls of teleportation {unknown}
 o - 3 scrolls of noise {unknown}
 t - a scroll of torment {unknown}
 x - a scroll of fog {unknown}
Potions
 b - 2 potions of magic
 h - 5 potions of curing
 i - a potion of degeneration {unknown}
 k - 2 potions of might {unknown}
 m - 4 potions of cancellation {unknown}
 p - 2 potions of attraction
 u - a potion of heal wounds {unknown}
 v - a potion of lignification {unknown}


   Skills:
 + Level 5.1 Dodging
 + Level 5.5 Stealth
 + Level 5.7 Spellcasting
 * Level 5.8 Conjurations
 + Level 2.2 Hexes
 + Level 2.5 Air Magic
 + Level 2.4 Earth Magic
 * Level 6.6 Alchemy


You had 2 spell levels left.
You knew the following spells:

 Your Spells              Type           Power      Damage    Failure   Level
a - Sting                 Conj/Alch      100%       1d9       1%          1
b - Mercury Vapours       Alch/Air       68%        N/A       1%          2
c - Mephitic Cloud        Conj/Alch/Air  37%        N/A       2%          3
d - Olgreb's Toxic Radia  Alch           46%        N/A       3%          4
e - Stone Arrow           Conj/Erth      64%        3d11      3%          3
f - Dazzling Flash        Conj/Hex       62%        N/A       3%          3

Your spell library contained the following spells:

 Spells                   Type           Power      Damage    Failure   Level
 Freeze                   Ice            32%        1d5       6%          1
 Lesser Beckoning         Tloc           16%        N/A       9%          2
 Hailstorm                Conj/Ice       25%        3d7       5%          3
 Brom's Barrelling Bould  Conj/Erth      32%        2d5       11%         4
 Sticky Flame             Fire/Alch      41%        2d8       14%         4
 Iskenderun's Battlesphe  Conj           42%        2d9       14%         5
 Frozen Ramparts          Ice            16%        1d3       17%         3
 Gell's Gravitas          Tloc           8%         N/A       17%         3
 Teleport Other           Tloc           8%         N/A       17%         3
 Animate Armour           Summ/Erth      30%        N/A       34%         4
 Fireball                 Conj/Fire      18%        3d9       43%         5
 Silence                  Hex/Air        10%        N/A       52%         5
 Curse of Agony           Necr           8%         N/A       85%         5
 Conjure Ball Lightning   Conj/Air       16%        3x3d6     85%         6
 Orb of Destruction       Conj           21%        9d8       99%         7
 Lehudib's Crystal Spear  Conj/Erth      16%        10d5      100%        8


Dungeon Overview and Level Annotations

Branches:
Dungeon (6/15)             Temple (1/1) D:4

Altars:
Ashenzari
Cheibriados
Dithmenos
Hepliaklqana
Kikubaaqudgha
Makhleb
Nemelex Xobeh
Okawaru
Qazlal
Sif Muna
Trog
Vehumet
Wu Jian
Xom
Yredelemnul
Zin
The Shining One

Shops:
D:4 *   D:6 (


Message History

Press: ? - help, Shift-Dir - straight line, f/p - adder
Aim: an adder (confused, 84% to hit)
The stone arrow hits the adder!!
You kill the adder!
Dithmenos accepts your kill.
Unknown command.
Casting: Stone Arrow (dangerous; 3% risk of failure)
Confirm with . or Enter, or press ? or * to list all spells.
Aiming: Sting (safe; 1% risk of failure)
Press: ? - help, Shift-Dir - straight line, f - orc warrior
Aim: an orc warrior, wielding a +0 glaive and wearing a +0 chain mail (75% to hit)
The sting hits the orc warrior.
The orc warrior is poisoned.
The orc warrior is lightly wounded.
The orc warrior unwields a +0 glaive.
The orc warrior wields a +0 orcbow.
The orc warrior shoots an arrow.
The arrow hits you!
The orc warrior shoots an arrow.
The arrow hits you!
The adder is engulfed in noxious fumes.
The adder appears confused.
Casting: Sting (safe; 1% risk of failure)
Confirm with . or Enter, or press ? or * to list all spells.
Aiming: Sting (safe; 1% risk of failure)
Press: ? - help, Shift-Dir - straight line, f - adder, p - orc warrior
Aim: an adder (noxious fumes, confused, 87% to hit)
The sting hits the adder!
The adder is poisoned.
The adder is almost dead.
You kill the adder!
Dithmenos accepts your kill.
Casting: Sting (safe; 1% risk of failure)
Confirm with . or Enter, or press ? or * to list all spells.
Aiming: Sting (safe; 1% risk of failure)
Press: ? - help, Shift-Dir - straight line, f - orc warrior
Aim: an orc warrior, wielding a +0 orcbow and wearing a +0 chain mail (lightly wounded, poisoned, 75% to hit)
The sting hits the orc warrior but does no damage.
The orc warrior looks even sicker.
The orc warrior is lightly wounded.
The orc warrior shoots an arrow.
The arrow misses you.
The orc warrior shoots an arrow.
The arrow hits you!
* * * LOW HITPOINT WARNING * * *
The frilled lizard hisses.
The orc warrior shoots an arrow.
The arrow hits you!
You die...

..~..l#.#.~~.~~ #.#
~b~~..###~~~~~.~##.#
~P~b.~.~~.~~~~~.##.# ..###
#######.~~##.#
..#.........#.~~##.# ..#.
.......#~.~##.# ##
~b#.........#~bb##.# ###.
....○#####..##########...
...§○§..@................
....o#################.##
~b#..o......#bbl#############.##
~.#. .......#~.b#...............
..#.........#~..#.....#######.##
.~### #######.~.#.....# ##.##
.~~~.~~~~.~~..~.#.....# #..#
~b~~~.###...~~..#.....# ##.##
~.~...#.#b~.... #....)# #..#


You could see an orc warrior (very poisoned), 5 bats and a frilled lizard.

Vanquished Creatures
  Sigmund (D:3)
  Edmund (D:6)
  Pargi (D:3)
  A centaur (D:6)
  2 ogres
  A phantom (D:5)
  Blork the orc (D:6)
  3 scorpions
  A howler monkey (D:6)
  5 hounds
  An orc priest (D:4)
  4 iguanas
  2 orc wizards
  11 adders
  A white imp (D:6)
  2 ufetubi (D:6)
  2 ribbon worms
  2 dart slugs
  11 orcs
  5 ball pythons
  5 endoplasms
  3 giant cockroaches
  7 hobgoblins
  3 jackals (D:1)
  A quokka (D:4)
  5 bats
  3 frilled lizards
  4 goblins
  8 kobolds
  4 rats
101 creatures vanquished.

Notes
Turn   | Place    | Note
-------+----------+-------------------------------------------
     0 | D:1      | anacleto the Deep Elf Alchemist began the quest for the
                  | Orb.
     0 | D:1      | Reached XP level 1. HP: 10/10 MP: 6/6
   136 | D:1      | Reached XP level 2. HP: 15/15 MP: 4/8
   139 | D:1      | Learned a level 2 spell: Mercury Vapours
   539 | D:1      | Reached XP level 3. HP: 19/19 MP: 7/9
   543 | D:1      | Learned a level 3 spell: Mephitic Cloud
  1088 | D:2      | Reached skill level 4 in Alchemy
  1215 | D:2      | Reached XP level 4. HP: 16/24 MP: 6/11
  2060 | D:3      | Reached XP level 5. HP: 28/28 MP: 8/12
  2065 | D:3      | Learned a level 4 spell: Olgreb's Toxic Radiance
  2217 | D:3      | Noticed Sigmund
  2223 | D:3      | Killed Sigmund
  2224 | D:3      | Reached XP level 6. HP: 32/32 MP: 6/14
  2282 | D:3      | Noticed Pargi
  2295 | D:3      | Killed Pargi
  2296 | D:3      | Reached skill level 5 in Alchemy
  2434 | D:3      | Found a bloodstained altar of Trog.
  2921 | D:4      | Found Ussom's CLEARANCE SALE!.
  3016 | D:4      | Reached XP level 7. HP: 28/36 MP: 11/15
  3223 | D:4      | Learned a level 3 spell: Stone Arrow
  3285 | D:4      | Found a staircase to the Ecumenical Temple.
  3485 | D:4      | Found an ancient bone altar of Kikubaaqudgha.
  3848 | Temple   | Entered the Ecumenical Temple
  3902 | Temple   | Became a worshipper of Dithmenos the Shadowed
  4008 | D:5      | Entered Level 5 of the Dungeon
  4177 | D:5      | Reached skill level 5 in Spellcasting
  4177 | D:5      | Reached skill level 1 in Air Magic
  4276 | D:5      | Reached skill level 1 in Earth Magic
  4438 | D:5      | Reached skill level 5 in Stealth
  4625 | D:5      | Learned a level 3 spell: Dazzling Flash
  4700 | D:5      | Reached skill level 5 in Conjurations
  4700 | D:5      | Reached skill level 6 in Alchemy
  4791 | D:5      | Reached XP level 8. HP: 41/41 MP: 14/17
  5016 | D:6      | Reached skill level 1 in Hexes
  5235 | D:6      | Noticed Blork the orc
  5241 | D:6      | Killed Blork the orc
  5422 | D:6      | Reached skill level 5 in Dodging
  5552 | D:6      | Noticed Edmund
  5562 | D:6      | Killed Edmund
  5933 | D:6      | Found Gacwesh's Hydra Hut.
  5937 | D:6      | Noticed a six-headed hydra
  6161 | D:6      | Shot with an arrow by an orc warrior

Illustrated notes

Levels and vault maps discovered:
D:1:      scummos_arrival_hexagon, layout_basic
D:2:      layout_basic
D:3:      layout_basic, lightli_temple_of_fire, serial_corexii_hall,
          corexii_hall_statues_t, corexii_hall_statues_x,
          corexii_hall_statues_i, corexii_hall_statues_l,
          corexii_hall_statues_x, chequers_hall_statues_wall_a,
          kennysheep_generic_room_9, uniq_sigmund, uniq_pargi
D:4:      layout_loops_corners, mainiacjoe_overflow_cross_hatched,
          temple_pool_b, nicolae_shop_clearance
D:5:      layout_basic, minmay_misc_feat_more_columns
D:6:      layout_rooms, serial_aquarium, aquarium_bridge_island_large
          [aquarium_subvault_large_open, aquarium_subvault_balcony,
          aquarium_subvault_bridge, aquarium_subvault_balcony,
          aquarium_subvault_window], aquarium_window_corridor_3,
          aquarium_window_1, aquarium_window_corner, aquarium_view_2c,
          doesnt_shop_hydraphobe, uniq_edmund, uniq_blork_the_orc
Temple:   regret_index_temple_waves

Skill      XL: |  1  2  3  4  5  6  7  8 |
---------------+-------------------------+-----
Conjurations   | 2 3 4 5 |  5.8
Stealth        | 3 4 5 |  5.5
Alchemy        | 4 5 6 |  6.6
Dodging        | 3 4 5 |  5.1
Spellcasting   | 4 5 |  5.7
Air Magic      | 1 2 |  2.5
Earth Magic    | 1 2 |  2.4
Hexes          | 2 |  2.2

Action                     |  1- 3 |  4- 6 |  7- 9 || total
---------------------------+-------+-------+-------++-------
  Melee: Unarmed           |     5 |     6 |       ||    11
   Cast: Sting             |    41 |    56 |    61 ||   158
         Mercury Vapours   |       |     3 |     1 ||     4
         Mephitic Cloud    |       |     2 |     6 ||     8
         Olgreb's Toxic Ra |       |     1 |     1 ||     2
         Stone Arrow       |       |       |    21 ||    21
         Dazzling Flash    |       |       |     1 ||     1
    Use: Potion            |       |     2 |       ||     2
 Armour: Robe              |     5 |     8 |    30 ||    43
  Dodge: Dodged            |    16 |    10 |    37 ||    63

Table legend: (Time is in decaauts)
 A = Elapsed time spent in this place.
 B = Non-inter-level travel time spent in this place.
 C = Inter-level travel time spent in this place.
 D = Time resting spent in this place.
 E = Time spent auto-exploring this place.
 F = Levels seen in this place.
 G = Mean time per level.
                   A        B        C        D        E       F      G
               +--------+--------+--------+--------+--------+-----+--------+
         Total |   6162 |   5913 |    249 |    801 |   4145 |   7 |  880.3 |
       Dungeon |   6055 |   5898 |    157 |    801 |   4145 |   6 | 1009.2 |
        Temple |    106 |     14 |     92 |      0 |      0 |   1 |  106.0 |
               +--------+--------+--------+--------+--------+-----+--------+

Top non-repeatable levels by time:
     D:6: 1223 daAuts
     D:4: 1075 daAuts
     D:3: 1052 daAuts
     D:2: 1000 daAuts
     D:5: 928 daAuts
     D:1: 774 daAuts
  Temple: 106 daAuts
